 Dungeon Crawl Stone Soup version 0.31-a0-851-g7ff8af7976 (webtiles) character file.

Game seed: 1487718236909348105

23 Kurtz the Sneak (level 2, -2/24 HPs)
             Began as a Mummy Delver on Oct 6, 2023.
             Was an Initiate of Okawaru.
             Slain by an iguana (9 damage)
             ... on level 4 of the Dungeon.
             The game lasted 00:01:43 (503 turns).

Kurtz the Sneak (Mummy Delver)                       Turns: 503, Time: 00:01:43

Health: -2/24      AC:  3    Str: 15    XL:     2   Next: 72%
Magic:  2/2        EV: 16    Int:  9    God:    Okawaru [......]
Gold:   34         SH:  0    Dex: 13    Spells: 1/1 levels left

rFire   x . .        a - +0 hand axe
rCold   + . .        (no shield)
rNeg    + + +        b - +0 leather armour
rPois   ∞            (no helmet)
rElec   .            (no cloak)
rCorr   .            (no gloves)
SInv    .            (no boots)
Will    .....        (no amulet)
Stlth   ++           g - +5 ring of evasion
HPRegen 0.24/turn    (no ring)
MPRegen 0.08/turn

%: faith
@: no status effects
A: cold resistance 1, negative energy resistance 3, torment resistance 2, heat
vulnerability 1, in touch with death 1, no potions, faith
a: Renounce Religion


You were on level 4 of the Dungeon.
You worshipped Okawaru.
Okawaru was noncommittal.
You visited 2 branches of the dungeon, and saw 3 of its levels.

You collected 34 gold pieces.

Inventory:

Hand Weapons
 a - a +0 hand axe (weapon)
Armour
 b - a +0 leather armour (worn)
Jewellery
 g - a +5 ring of evasion (left hand)
Wands
 f - a wand of digging (3)
Scrolls
 c - a scroll of fog
 d - a scroll of revelation


   Skills:
 - Level 3.0 Fighting
 * Level 2.7 Axes
 - Level 1.5 Dodging
 - Level 4.1 Stealth


You had one spell level left.
You didn't know any spells.
Your spell library was empty.

Dungeon Overview and Level Annotations

Branches:
Dungeon (5/15)             Temple (1/1) D:4

Altars:
Cheibriados
Fedhas
Hepliaklqana
Makhleb
Okawaru
Qazlal
Ru
Sif Muna
Trog
Uskayaw
Vehumet
Wu Jian
Xom
Yredelemnul

Annotations:
D:5 exclusions: hound and iguana


Innate Abilities, Weirdness & Mutations

You are immune to poison.
Your flesh is cold resistant. (rC+)
You are immune to negative energy. (rN+++)
You are immune to unholy pain and torment.
You are vulnerable to heat. (rF-)
You are in touch with the powers of death.
You do not drink.
You have a special connection with the divine. (Faith)


Message History

The hobgoblin attacks as it pursues you!
The hobgoblin closely misses you.
You hit the hobgoblin but do no damage.
The hobgoblin is heavily wounded.
The hobgoblin misses you. The gnoll attacks as it pursues you!
The gnoll completely misses you.
The hobgoblin attacks as it pursues you!
The hobgoblin hits you.
* * * LOW HITPOINT WARNING * * *
The kobold shouts!
The gnoll shouts!
You hear a shout!
The kobold throws a stone.
The stone barely misses you.
The hobgoblin shouts!
The kobold closely misses you.
The hobgoblin attacks as it pursues you!
The hobgoblin misses you.
As you read the scroll labelled CAICRAT KASERO, it crumbles to dust.
It is a scroll of amnesia.
You feel forgetful for a moment. The kobold misses you.
As you read the scroll labelled NOANTE SYOSS, it crumbles to dust.
It is a scroll of identify.
You don't currently have any unidentified items.
The kobold hits you with a +0 short sword.
* * * LOW HITPOINT WARNING * * *
The kobold throws a stone.
The stone closely misses you.
A white imp comes into view.
The white imp shouts, "Give up, thou feckless inflammable mendicant!"
The white imp gestures at you. The puff of frost hits you. You resist.
* * * LOW HITPOINT WARNING * * *
The iguana hisses angrily.
There is an open door here.
As you read the scroll of fear, it crumbles to dust.
You assume a fearsome visage.
The gnoll looks frightened!
The hobgoblin looks frightened! x2; The goblin looks frightened!
The kobold looks frightened!
Cornered, the gnoll turns to fight!
Cornered, the goblin turns to fight!
Cornered, the kobold turns to fight!
The iguana bites you!
You die...

........g..†..........?.>#
...g####################.# ....#
######......# #.# ....#
#...##......# #.# ....#
#...##......####g#
g.#######...##...........#
.##..ggg....'............#
.##.#####K..##5..........# .##.#
#.......l@........#
.##g####....##...........#
..ggg..#g#####...........########
..g....#.# #......##......g.g.#
.......#.# ###.........######g#
.......#.# #.........# #.#
.##.####.# #.........# #.# .##.#
#.# #.........# #g# ....# #.#$.
........# #.#


You could see an iguana, a white imp and a kobold.

Vanquished Creatures
  An adder (D:4)
  A white imp (Temple)
  A dart slug (D:4)
  An orc (D:5)
  A goblin (D:4)
  A ball python (D:4)
6 creatures vanquished.

Notes
Turn   | Place    | Note
-------+----------+-------------------------------------------
     0 | D:5      | Kurtz the Mummy Delver began the quest for the Orb.
     0 | D:5      | Reached XP level 1. HP: 18/18 MP: 1/1
     5 | D:5      | Noticed an iguana
    59 | D:5      | Noticed a hound
   222 | D:4      | Reached XP level 2. HP: 22/24 MP: 2/2
   301 | D:4      | Found a staircase to the Ecumenical Temple.
   309 | Temple   | Entered the Ecumenical Temple
   400 | Temple   | Became a worshipper of Warmaster Okawaru
   503 | D:4      | Slain by an iguana

Illustrated notes

Levels and vault maps discovered:
D:4:      layout_basic, minmay_temple_entry_ruins, roderic_roman_lattice
D:5:      layout_rooms, uniq_duvessa, uniq_grinder
Temple:   minmay_crystal_spiral_temple

Skill      XL: |  1 |
---------------+----+-----
Axes           | 2 |  2.7
Fighting       | |  3.0
Dodging        | |  1.5
Stealth        | |  4.1

Action                     || total
---------------------------++-------
  Melee: Hand axe          ||    37
         Punch             ||     1
    Use: Scroll            ||     3
 Armour: Leather armour    ||    35
  Dodge: Dodged            ||    56

Table legend: (Time is in decaauts)
 A = Elapsed time spent in this place.
 B = Non-inter-level travel time spent in this place.
 C = Inter-level travel time spent in this place.
 D = Time resting spent in this place.
 E = Time spent auto-exploring this place.
 F = Levels seen in this place.
 G = Mean time per level.
                   A        B        C        D        E       F      G
               +--------+--------+--------+--------+--------+-----+--------+
         Total |    510 |    448 |     62 |     85 |     46 |   3 |  170.0 |
       Dungeon |    379 |    379 |      0 |     39 |     46 |   2 |  189.5 |
        Temple |    131 |     69 |     62 |     46 |      0 |   1 |  131.0 |
               +--------+--------+--------+--------+--------+-----+--------+

Top non-repeatable levels by time:
     D:4: 212 daAuts
     D:5: 167 daAuts
  Temple: 131 daAuts
